Map: Dusk Towers

Players

LilDicky - Winner!

  • Race: Terran Terran
  • League: Diamond

GBrze

  • Race: Protoss Protoss
  • League: Platinum

VOD

http://www.twitch.tv/tumescentpie

Description

Time

  • Played on: Dec. 6, 2015, 7:50 p.m.
  • Length: 5:18
Show
View Real Time Build Order
Export as new Build Order

LilDicky Terran - Winner!

Build Orders:  

Get SALT Encoding   

  12  0:01  SCV  
  13  0:13  SCV  
  14  0:18  Supply Depot  
  14  0:25  SCV  
  15  0:32  Refinery  
  15  0:39  SCV  
  16  0:45  Barracks  
  16  0:54  SCV  
  17  1:06  SCV  
  18  1:18  SCV  
  20  1:32  Supply Depot  
  20  1:34  Factory  
  20  1:38  Marine  
  21  1:40  Orbital Command  
  20  1:56  Barracks, Marine  
  21  2:02  Barracks  
  21  2:09  Refinery  
  21  2:10  SCV  
  22  2:20  Barracks Reactor  
  22  2:26  SCV  
  23  2:38  SCV  
  23  2:39  Supply Depot, Widow Mine  
  27  2:58  Marine  
  27  2:59  Marine  
  27  3:00  Barracks Tech Lab  
  27  3:01  Barracks Tech Lab  
  28  3:07  SCV  
  28  3:08  Bunker  
  29  3:16  Marine x2  
  29  3:19  SCV  
  34  3:20  Hellion  
  32  3:34  Marine x4  
  35  3:52  Marine  
  36  3:56  Widow Mine  
  36  3:57  SCV  
  39  4:09  SCV  
  38  4:12  Marine  
  38  4:22  Marine  
  39  4:29  Marine  
  40  4:33  Widow Mine  
  40  4:35  SCV  
Show
View Real Time Build Order
Export as new Build Order

GBrze Protoss 

Build Orders:  

Get SALT Encoding   

  12  0:01  Probe (Chrono Boost)  
  13  0:17  Probe (Chrono Boost)  
  14  0:27  Probe (Chrono Boost)  
  15  0:40  Pylon  
  15  1:00  Gateway  
  15  1:02  Gateway  
  15  1:05  Probe (Chrono Boost)  
  16  1:15  Probe (Chrono Boost)  
  17  1:26  Probe (Chrono Boost)  
  17  1:30  Assimilator  
  18  1:35  Assimilator  
  19  1:40  Pylon  
  19  1:46  Probe (Chrono Boost)  
  19  1:50  Zealot (Chrono Boost)  
  19  1:53  Zealot (Chrono Boost)  
  23  1:58  Probe  
  24  2:01  Cybernetics Core  
  24  2:10  Probe  
  25  2:17  Zealot (Chrono Boost)  
  27  2:26  Pylon  
  27  2:34  Pylon  
  27  2:41  Stalker (Chrono Boost)  
  27  2:42  Stalker (Chrono Boost)  
  31  2:44  Probe  
  32  3:05  Mothership Core  
  34  3:11  Stalker (Chrono Boost), Pylon  
  23  4:03  Pylon  
  23  4:06  Forge  
  23  4:07  Probe  
  24  4:19  Probe  
  24  4:31  Probe  
  25  4:49  Photon Cannon  
  18  4:56  Pylon  
  12  5:06  Nexus  
Tags
 
Add a new tag
Caveats
  • Supply blocks, unpowered buildings, or Contaminate may cause inaccurate times.
  • Supply counts are checked every 10 seconds.